 Dungeon Crawl Stone Soup version 0.18.1-8-gdd0e5ea (webtiles) character file.

43 Stormphoenix the Cutter (level 3, -3/27 HPs)
             Began as a Demonspawn Gladiator on June 11, 2016.
             Slain by Sigmund
             ... wielding a +1 scythe of slicing
              (4 damage)
             ... on level 2 of the Dungeon.
             The game lasted 00:05:01 (1466 turns).

Stormphoenix the Cutter (Demonspawn Gladiator)      Turns: 1466, Time: 00:05:01

Health: -3/27      AC:  4    Str: 16    XL:     3   Next: 37%
Magic:  3/3        EV: 12    Int:  9    God:
Gold:   60         SH:  0    Dex: 13    Spells: 0 memorised, 2 levels left

rFire  . . .     SeeInvis .     a - +1 dagger (venom)
rCold  . . .     Gourm    .     b - +0 leather armour
rNeg   . . .     Faith    .     (no shield)
rPois  .         Spirit   .     c - +0 helmet
rElec  .         Dismiss  .     (no cloak)
rCorr  .         Reflect  .     (no gloves)
SustAt .         Harm     .     (no boots)
MR     .....                    (no amulet)
Stlth  +.........               (no ring)
                                (no ring)

@: not resistant to hostile enchantments, very unstealthy
A: claws 1, hooves 1
a: no special abilities


You were on level 2 of the Dungeon.
You were not hungry.

You visited 1 branch of the dungeon, and saw 2 of its levels.

You collected 60 gold pieces.

Inventory:

Hand Weapons
 a - a +1 dagger of venom (weapon)
Missiles
 d - 3 throwing nets (quivered)
Armour
 b - a +0 leather armour (worn)
 c - a +0 helmet (worn)
Wands
 h - a wand of paralysis (15/24)
Scrolls
 e - a scroll of enchant weapon {unknown}
Comestibles
 f - 3 bread rations
 g - a meat ration
 j - a beef jerky


   Skills:
 - Level 2.0 Fighting
 - Level 3.8 Short Blades
 - Level 1.7 Throwing
 - Level 2.6 Dodging
 + Level 1.0 Unarmed Combat


You had 2 spell levels left.
You didn't know any spells.

Dungeon Overview and Level Annotations

Branches:
Dungeon (2/15)

Altars:
Pakellas
Yredelemnul

Shops:
D:2 }

Annotations:
D:2 Sigmund


Innate Abilities, Weirdness & Mutations

You have sharp fingernails.
You have large cloven feet.


Message History

Sigmund points at you and mumbles some strange words.
The puff of flame hits you!
You hit the giant cockroach.
The giant cockroach is poisoned.
The giant cockroach is moderately wounded.
The giant cockroach closely misses you.
You hit the giant cockroach. Your kick misses the giant cockroach.
The giant cockroach is almost dead.
You kill the giant cockroach!
You aren't carrying any potions.
Sigmund zaps a wand.
The puff of flame misses you.
You closely miss Sigmund. You kick Sigmund, but do no damage.
Sigmund closely misses you.
You hit Sigmund but do no damage.
Sigmund is poisoned.
You hit Sigmund but do no damage.
Sigmund looks even sicker.
Sigmund is lightly wounded.
Sigmund hits you with a scythe of slicing!
Ouch! That really hurt!
* * * LOW HITPOINT WARNING * * *
x2 Sigmund hits you from afar with a scythe of slicing.
You die...

########### ...........
#.........#
###.........# #
..#.........# .#
#.#.........# .!#
#.#........@# ...#
#####.#)........##....#
+.....'.........@.....#
#####.#.........#......
#.#.........#......
#.#.(.......# .....
#.#.........#####..
#.#########........
######.#### #....(...


You could see Sigmund.

Vanquished Creatures
  An ooze (D:1)
  A giant gecko (D:1)
  A ball python (D:1)
  6 bats (D:1)
  3 giant cockroaches
  5 goblins
  4 hobgoblins
  5 giant newts
  4 kobolds
  5 rats
  A spectral orc (D:2)
36 creatures vanquished.

Notes
Turn   | Place    | Note
--------------------------------------------------------------
     0 | D:1      | Stormphoenix the Demonspawn Gladiator began the quest for the Orb.
     0 | D:1      | Reached XP level 1. HP: 16/16 MP: 1/1
    84 | D:1      | Reached skill level 3 in Short Blades
    89 | D:1      | Gained mutation: You have large cloven feet. [demonic ancestry]
    89 | D:1      | Reached XP level 2. HP: 18/22 MP: 2/2
   767 | D:1      | Gained mutation: You have sharp fingernails. [demonic ancestry]
   767 | D:1      | Reached XP level 3. HP: 27/27 MP: 3/3
  1250 | D:2      | Found a basalt altar of Yredelemnul.
  1377 | D:2      | Found an oddly glowing altar of Pakellas.
  1377 | D:2      | Found Pakellas's Prime Provisions.
  1442 | D:2      | Reached skill level 1 in Unarmed Combat
  1457 | D:2      | Noticed Sigmund
  1465 | D:2      | HP: 1/27 [Sigmund/scythe of slicing (3)]
  1466 | D:2      | Slain by Sigmund

Skill      XL: |  1  2  3 |
---------------+----------+-----
Short Blades   | 3 |  3.8
Unarmed Combat | 1 |  1.0
Fighting       | |  2.0
Throwing       | |  1.7
Dodging        | |  2.6

Action                   || total
-------------------------++-------
Melee: Rapier            ||   111
       Kick              ||    21
       Dagger            ||    20
       Unarmed           ||    17
  Use: Scroll            ||     2
       Potion            ||     2
  Eat: Chunk             ||     2
Armor: Leather armour    ||    53
Dodge: Dodged            ||   104
